cohdb
Replays
Latest Replays
All Replays
Popular Replays
Top Player Replays
Match Explorer
How It Works
Community
CoH3 Stats
Reddit
Sign in to upload your games and track your stats! →
Sign in with Steam
Match 42097683
Unlisted
Match 42097683
Overview
Messages
Build Orders
End
Scout Squad
Construct Barracks
1⁄4-ton 4x4 Truck
Selects Heavy Weapons
Riflemen Squad
Riflemen Squad
Riflemen Squad
Selects Assault Carriers
Infantry Support Center
Construct Motor Pool
Engineer Squad
M8 Greyhound Armored Car
Construct Medical Station
Selects M2HB .50cal Heavy Machine Gun
Selects Halftrack Strongpoints
Advanced Logistics
M1 Anti-tank Gun Team
Kitsuné
ariete
0
0
Comments
sign in to comment!
No comments posted yet!